 Dungeon Sprint DCSS version 0.17-a0-1719-g1afd5a1 (webtiles) character file.

11100000 ztt the Plane Walker (level 27, -6/273 HPs)
             Began as a Ghoul Warper on Aug 27, 2015.
             Was the Champion of Makhleb.
             Killed by divine providence
             ... invoked by an accursed
              (11 damage)
             ... in the Dungeon (Sprint VIII: "Arena of Blood").
             The game lasted 00:02:28 (111 turns).

ztt the Plane Walker (Ghoul Warper)                  Turns: 111, Time: 00:02:28

Health: -6/273     AC:  6    Str: 28    XL:     27
Magic:  27/53      EV: 21    Int:  8    God:    Makhleb [******]
Gold:   0          SH:  0    Dex:  8    Spells: 2 memorised, 77 levels left

rFire  . . .     SeeInvis +     l - +∞ Axe of Woe
rCold  + . .     Clarity  .     b - +0 leather armour
rNeg   + + +     SustAt   .     (no shield)
rPois  ∞         Gourm    .     (no helmet)
rElec  .         Spirit   .     (no cloak)
rCorr  .         Warding  .     (no gloves)
rMut   .         NoTele   +     (no boots)
MR     ++...                    (no amulet)
Stlth  +++++++++.               (no ring)
                                m - ring of see invisible

@: rotting, very resistant to hostile enchantments, incredibly stealthy
A: rotting body, claws 1, carnivore 3, cold resistance 1, negative energy
resistance 3, slow healing 1, torment resistance, unbreathing
a: Minor Destruction, Lesser Servant of Makhleb, Major Destruction, Greater
Servant of Makhleb, Renounce Religion


You were in the Dungeon.
You worshipped Makhleb.
Makhleb was exalted by your worship.
You were not hungry.

You visited 1 branch

Inventory:

Hand weapons
 a - a +0 hand axe
 l - the +∞ Axe of Woe (weapon)
   (You found it in the Dungeon)
Missiles
 e - 5 tomahawks of dispersal (quivered)
Armour
 b - a +0 leather armour (worn)
Jewellery
 m - a ring of see invisible (left claw)
Scrolls
 d - 2 scrolls of blinking
Potions
 g - a potion of curing
 h - a potion of heal wounds
 i - a potion of haste
 j - 2 potions of magic
 k - a potion of berserk rage
Books
 c - a book of Spatial Translocations

   Spells                             Type                      Level
   a - Apportation                    Translocation                1
   b - Blink                          Translocation                2
   c - Shroud of Golubria             Charms/Translocation         2
   d - Portal Projectile              Translocation                3
   e - Teleport Other                 Translocation                3
   f - Passage of Golubria            Translocation                4
Comestibles
 f - a meat ration


   Skills:
 O Level 27 Fighting
 O Level 27 Axes
 O Level 27 Throwing
 O Level 27 Armour
 O Level 27 Dodging
 O Level 27 Stealth
 O Level 27 Unarmed Combat
 O Level 27 Spellcasting
 O Level 27 Translocations
 O Level 27 Invocations


You had 77 spell levels left.
You knew the following spells:

 Your Spells              Type           Power        Failure   Level  Hunger
a - Apportation           Tloc           ######....   0%          1    None
b - Blink                 Tloc           N/A          0%          2    None


Dungeon Overview and Level Annotations

Branches:
Dungeon (1/1)

Altars:
Makhleb

Annotations:
D The Defiler


Innate Abilities, Weirdness & Mutations

Your body is rotting away.
You thrive on raw meat.
You are immune to poison.
You have sharp fingernails.
You are carnivorous and can eat meat at any time.
Your flesh is cold resistant.
You are immune to negative energy.
You heal slowly when monsters are visible.
You are immune to unholy pain and torment.
You can survive without breathing.


Message History

You hear a shout!
Edmund the Younger comes into view.
He is wielding a +9 demon whip of slashing.
Unknown command.
Unknown command.
You hear a shout! x3
The scourge appears out of thin air!
A scourge comes into view.
The tyrant waves its bony arms in wide circles.
The air twists around and strikes you!
You hear a shout! x2
The observer gazes at you.
The fireball explodes!
The fireball engulfs you!
* * * LOW HITPOINT WARNING * * *
The fireball engulfs the dread.
The accursed points at you and mumbles some strange words.
Something smites you!
* * * LOW HITPOINT WARNING * * *
The accursed casts a spell at you. Something smites you!
You die...

...###..)§)..###.
.....#..@.)%.#.....
.....#.%)))..#zL...
........))o%XLL....
.......)))...X...#..
.......).).W.O..#...
.....G.M.)....##....
S...#.o).).))#...M.
..%.%.W@.)o.M#...###
...##.#.).G).MD.....
.........)..M......
##....#..†..####..
........).....#. .
........)))........
##......).)......##
#################


You could see 4 accurseds, 2 tyrants, an eight-headed meat hydra, 2 observers, a
scourge (wandering), a sculptor of flesh, 2 large abominations, The Defiler, a
wretched soul (invisible), a dread, a meat berserker (berserk) and 3 bags of
meat.

Vanquished Creatures
  7 hell beasts (D)
  3 greater mummies (D)
  3 great orbs of eyes (D)
  2 wraiths (D)
  12 vampire knights (D)
  27 ogres (D)
  2 liches (D)
  A hydra (D)
  47 orcs (D)
  4 phantoms (D)
  6 hill giants (D)
  3 skeletal warriors (D)
  4 large abominations (D)
  3 small abominations (D)
  A crawling corpse (D)
125 creatures vanquished.

Vanquished Creatures (others)
  A crawling corpse (D)
1 creature vanquished.

Grand Total: 126 creatures vanquished

Notes
Turn   | Place    | Note
--------------------------------------------------------------
     0 | D        | ztt the Ghoul Warper began the quest for the Orb.
     0 | D        | Reached XP level 1. HP: 17/17 MP: 2/2
     4 | D        | Noticed a bag of meat
     4 | D        | Became a worshipper of Makhleb the Destroyer
     5 | D        | Noticed a bag of meat
     5 | D        | Noticed a bag of meat
     6 | D        | Noticed a bag of meat
     6 | D        | Noticed a bag of meat
     6 | D        | Noticed a meat berserker
     7 | D        | Noticed a bag of meat
     7 | D        | Killed a meat berserker
     7 | D        | Reached skill level 12 in Fighting
     7 | D        | Reached skill level 20 in Translocations
     7 | D        | Reached XP level 2. HP: 20/42 MP: 2/14
     7 | D        | Reached XP level 3. HP: 23/49 MP: 2/15
     7 | D        | Reached XP level 4. HP: 26/57 MP: 2/17
     7 | D        | Reached XP level 5. HP: 28/63 MP: 2/18
     7 | D        | Reached XP level 6. HP: 31/71 MP: 2/20
     7 | D        | Reached XP level 7. HP: 34/78 MP: 2/21
     7 | D        | Reached XP level 8. HP: 37/85 MP: 2/23
     7 | D        | Reached XP level 9. HP: 40/92 MP: 2/24
     7 | D        | Reached XP level 10. HP: 43/100 MP: 2/25
     7 | D        | Reached XP level 11. HP: 45/105 MP: 2/26
     7 | D        | Reached XP level 12. HP: 48/113 MP: 2/27
     7 | D        | Reached XP level 13. HP: 50/119 MP: 2/28
     8 | D        | Killed a bag of meat
     8 | D        | Acquired Makhleb's first power
     8 | D        | Reached skill level 21 in Translocations
     8 | D        | Reached XP level 14. HP: 19/130 MP: 2/30
     8 | D        | Killed a bag of meat
     8 | D        | Reached skill level 5 in Throwing
     8 | D        | Reached skill level 23 in Translocations
     9 | D        | Noticed a bag of meat
     9 | D        | Noticed a meat berserker
     9 | D        | Noticed a bag of meat
     9 | D        | Noticed a bag of meat
     9 | D        | Noticed a bag of meat
    10 | D        | Noticed a bag of meat
    10 | D        | Noticed a bag of meat
    10 | D        | Noticed a meat berserker
    10 | D        | Noticed a meat berserker
    10 | D        | Noticed a bag of meat
    10 | D        | Noticed a bag of meat
    10 | D        | Noticed a bag of meat
    10 | D        | HP: 1/133 [bag of meat/+9 war axe (18)]
    11 | D        | Noticed a meat berserker
    11 | D        | Noticed a bag of meat
    11 | D        | Killed a bag of meat
    11 | D        | Acquired Makhleb's second power
    11 | D        | Reached skill level 15 in Fighting
    11 | D        | Reached skill level 24 in Translocations
    11 | D        | Reached XP level 15. HP: 44/143 MP: 3/32
    12 | D        | Noticed a meat berserker
    12 | D        | Noticed a meat berserker
    12 | D        | Noticed a bag of meat
    12 | D        | Noticed a large bag of meat
    12 | D        | Noticed a bag of meat
    12 | D        | Killed a bag of meat
    12 | D        | Reached skill level 15 in Axes
    12 | D        | Reached skill level 15 in Spellcasting
    12 | D        | Reached skill level 25 in Translocations
    12 | D        | Noticed a bag of meat
    13 | D        | Noticed a bag of meat
    13 | D        | Killed a meat berserker
    13 | D        | Acquired Makhleb's third power
    13 | D        | Reached skill level 5 in Armour
    13 | D        | Reached skill level 15 in Dodging
    13 | D        | Reached skill level 27 in Translocations
    13 | D        | Reached XP level 16. HP: 152/157 MP: 3/35
    14 | D        | Noticed a bag of meat
    14 | D        | Noticed a meat berserker
    14 | D        | Killed a meat berserker
    14 | D        | Reached XP level 17. HP: 97/170 MP: 4/37
    14 | D        | Killed a meat berserker
    14 | D        | Killed a bag of meat
    14 | D        | Acquired Makhleb's fourth power
    14 | D        | Reached XP level 18. HP: 176/185 MP: 4/40
    14 | D        | Killed a bag of meat
    14 | D        | Killed a bag of meat
    15 | D        | Noticed a bag of meat
    15 | D        | Killed a bag of meat
    15 | D        | Acquired Makhleb's fifth power
    15 | D        | Reached skill level 10 in Armour
    15 | D        | Killed a bag of meat
    15 | D        | Reached skill level 10 in Throwing
    15 | D        | Reached XP level 19. HP: 199/202 MP: 4/43
    15 | D        | Killed a bag of meat
    15 | D        | Killed a bag of meat
    15 | D        | Noticed a bag of meat
    16 | D        | Noticed a meat berserker
    16 | D        | Killed a bag of meat
    16 | D        | Reached skill level 27 in Fighting
    16 | D        | Killed a bag of meat
    16 | D        | Reached skill level 27 in Axes
    16 | D        | Killed a meat berserker
    16 | D        | Reached XP level 20. HP: 216/216 MP: 4/48
    17 | D        | Noticed a bag of meat
    17 | D        | Killed a meat berserker
    17 | D        | Reached skill level 15 in Armour
    17 | D        | Reached skill level 27 in Dodging
    17 | D        | Reached skill level 27 in Spellcasting
    17 | D        | Killed a bag of meat
    17 | D        | Reached XP level 21. HP: 224/224 MP: 4/51
    17 | D        | Killed a bag of meat
    17 | D        | Reached skill level 15 in Throwing
    18 | D        | Killed a bag of meat
    18 | D        | Killed a meat berserker
    19 | D        | Noticed a meat berserker
    19 | D        | Noticed a bag of meat
    19 | D        | Killed a bag of meat
    19 | D        | Reached skill level 27 in Armour
    19 | D        | Killed a large bag of meat
    19 | D        | Reached XP level 22. HP: 233/233 MP: 5/52
    20 | D        | Noticed a bag of meat
    20 | D        | Killed a bag of meat
    21 | D        | Noticed a destroyer
    21 | D        | Killed a bag of meat
    21 | D        | Killed a meat berserker
    21 | D        | Reached skill level 27 in Throwing
    22 | D        | Noticed a bag of meat
    22 | D        | Noticed a meat berserker
    22 | D        | Killed a bag of meat
    22 | D        | Killed a bag of meat
    22 | D        | Reached XP level 23. HP: 240/240 MP: 5/53
    23 | D        | Noticed a large bag of meat
    23 | D        | Noticed a large bag of meat
    23 | D        | Noticed a destroyer
    24 | D        | Noticed a bag of meat
    24 | D        | Noticed a bag of meat
    24 | D        | Noticed a large bag of meat
    24 | D        | Killed a destroyer
    24 | D        | Killed a bag of meat
    24 | D        | Killed a bag of meat
    24 | D        | Noticed a destroyer
    25 | D        | Noticed a bag of meat
    25 | D        | Noticed a bag of meat
    25 | D        | Killed a bag of meat
    25 | D        | Killed a meat berserker
    25 | D        | Reached XP level 24. HP: 249/249 MP: 6/53
    26 | D        | Noticed a large bag of meat
    26 | D        | Noticed a destroyer
    26 | D        | Killed a bag of meat
    26 | D        | Reached skill level 27 in Stealth
    27 | D        | Noticed a destroyer
    27 | D        | Killed a bag of meat
    27 | D        | Reached skill level 27 in Unarmed Combat
    27 | D        | Reached skill level 27 in Invocations
    29 | D        | Killed a bag of meat
    29 | D        | Killed a meat berserker
    29 | D        | Killed a destroyer
    29 | D        | Reached XP level 25. HP: 257/257 MP: 7/53
    30 | D        | Killed a large bag of meat
    32 | D        | Noticed a meat berserker
    32 | D        | Noticed a sculptor of flesh
    32 | D        | Killed a large bag of meat
    32 | D        | Killed a bag of meat
    32 | D        | Killed a bag of meat
    32 | D        | Killed a large bag of meat
    32 | D        | Killed a bag of meat
    32 | D        | Killed a bag of meat
    33 | D        | Killed a destroyer
    33 | D        | Reached XP level 26. HP: 266/266 MP: 8/53
    34 | D        | Noticed a meat berserker
    34 | D        | Killed a destroyer
    34 | D        | Killed a large bag of meat
    35 | D        | Noticed a destroyer
    36 | D        | Noticed a sculptor of flesh
    37 | D        | Noticed a sculptor of flesh
    38 | D        | Noticed a meat berserker
    38 | D        | Noticed a bag of meat
    38 | D        | Killed a meat berserker
    38 | D        | Killed a meat berserker
    38 | D        | Reached XP level 27. HP: 273/273 MP: 10/53
    39 | D        | Killed a destroyer
    39 | D        | Killed a meat berserker
    40 | D        | Noticed a destroyer
    40 | D        | Noticed a destroyer
    40 | D        | Noticed a destroyer
    41 | D        | Killed a destroyer
    42 | D        | Noticed a destroyer
    43 | D        | Killed a destroyer
    44 | D        | Noticed a meat berserker
    44 | D        | Killed a bag of meat
    44 | D        | Killed a meat berserker
    45 | D        | Killed a destroyer
    45 | D        | Killed a sculptor of flesh
    46 | D        | Noticed a bag of meat
    46 | D        | Noticed a bag of meat
    46 | D        | Killed a destroyer
    46 | D        | Killed a sculptor of flesh
    47 | D        | Noticed a bag of meat
    48 | D        | Killed a sculptor of flesh
    49 | D        | Killed a meat berserker
    49 | D        | Killed a destroyer
    53 | D        | Noticed a meat berserker
    55 | D        | Noticed a meat berserker
    57 | D        | Noticed a bag of meat
    57 | D        | Noticed a bag of meat
    57 | D        | Killed a meat berserker
    59 | D        | Noticed a bag of meat
    60 | D        | Noticed a meat berserker
    60 | D        | Killed a meat berserker
    63 | D        | Noticed a meat beast
    63 | D        | Killed a bag of meat
    64 | D        | Killed a bag of meat
    65 | D        | Noticed a bag of meat
    65 | D        | Killed a meat berserker
    65 | D        | Killed a bag of meat
    66 | D        | Killed a bag of meat
    67 | D        | Noticed a bag of meat
    67 | D        | Killed a meat beast
    67 | D        | Killed a bag of meat
    67 | D        | Killed a bag of meat
    68 | D        | Noticed a destroyer
    68 | D        | Noticed a destroyer
    68 | D        | Noticed a meat berserker
    69 | D        | Noticed a large bag of meat
    71 | D        | Noticed a meat berserker
    71 | D        | Noticed a dread
    71 | D        | Learned a level 2 spell: Blink
    72 | D        | Killed a meat berserker
    72 | D        | Killed a destroyer
    72 | D        | Killed a bag of meat
    73 | D        | Killed a bag of meat
    75 | D        | Killed a large bag of meat
    76 | D        | Killed a meat berserker
    77 | D        | Noticed a meat beast
    78 | D        | Noticed a meat berserker
    78 | D        | Noticed a bag of meat
    78 | D        | Noticed a bag of meat
    78 | D        | Noticed a meat beast
    78 | D        | Noticed a dread
    78 | D        | Noticed an accursed
    78 | D        | Noticed a meat berserker
    79 | D        | Killed a meat beast
    79 | D        | Killed a dread
    80 | D        | Noticed a meat berserker
    80 | D        | Killed a destroyer
    80 | D        | Killed a meat berserker
    81 | D        | Noticed an accursed
    81 | D        | Noticed a wretched soul
    81 | D        | Killed a meat beast
    82 | D        | Noticed a wretched soul
    82 | D        | Noticed a wretched soul
    82 | D        | Killed a wretched soul
    83 | D        | Noticed an accursed
    83 | D        | Noticed an accursed
    84 | D        | Killed a wretched soul
    84 | D        | Noticed a tyrant
    85 | D        | Noticed a wretched soul
    85 | D        | Killed a meat berserker
    85 | D        | Killed a dread
    86 | D        | Killed a meat berserker
    86 | D        | Killed a bag of meat
    87 | D        | Killed a bag of meat
    88 | D        | Noticed a meat beast
    91 | D        | Killed a wretched soul
    92 | D        | Killed a meat beast
    93 | D        | Noticed a meat berserker
    93 | D        | Killed a wretched soul
    94 | D        | Noticed a tyrant
    95 | D        | Noticed an accursed
    95 | D        | Killed a tyrant
    96 | D        | Noticed a meat beast
    96 | D        | Noticed a meat berserker
    97 | D        | Noticed a meat berserker
    97 | D        | Noticed an observer
    97 | D        | Killed an accursed
    97 | D        | Killed an accursed
    98 | D        | Noticed a bag of meat
    98 | D        | Noticed an observer
    98 | D        | Noticed a meat beast
    98 | D        | Noticed an observer
    99 | D        | Noticed an accursed
    99 | D        | Killed an accursed
    99 | D        | Killed a meat berserker
    99 | D        | Noticed a bag of meat
   100 | D        | Noticed a tyrant
   100 | D        | Noticed a meat berserker
   100 | D        | Noticed a bag of meat
   100 | D        | Noticed a bag of meat
   101 | D        | Killed a meat berserker
   101 | D        | Killed an observer
   102 | D        | Noticed a bag of meat
   102 | D        | Noticed a bag of meat
   102 | D        | Killed a tyrant
   103 | D        | Noticed an observer
   103 | D        | Noticed a meat beast
   104 | D        | Noticed a bag of meat
   104 | D        | Noticed a tyrant
   104 | D        | Noticed a wretched soul
   104 | D        | Killed a bag of meat
   104 | D        | Killed an observer
   105 | D        | Killed a bag of meat
   105 | D        | Killed a meat berserker
   105 | D        | Killed a meat berserker
   106 | D        | Noticed a meat berserker
   106 | D        | Noticed an observer
   106 | D        | Killed a bag of meat
   106 | D        | Killed a meat beast
   106 | D        | Killed a meat beast
   107 | D        | Noticed a dread
   107 | D        | Killed a meat beast
   108 | D        | Noticed an accursed
   108 | D        | Killed a bag of meat
   109 | D        | Noticed a bag of meat
   109 | D        | Killed a bag of meat
   109 | D        | Noticed a tyrant
   110 | D        | Noticed a sculptor of flesh
   110 | D        | Killed an observer
   111 | D        | Noticed The Defiler
   111 | D        | HP: 5/273 [accursed/divine providence (13)]
   111 | D        | Killed from afar by an accursed

Vault maps used:
D:        meatsprint

Action                   |  1- 3 |  4- 6 |  7- 9 | 10-12 | 13-15 | 16-18 | 19-21 | 22-24 | 25-27 || total
-------------------------+-------+-------+-------+-------+-------+-------+-------+-------+-------++-------
Melee: Executioner's axe |     1 |       |       |       |     4 |     2 |     4 |     8 |    50 ||    69
 Cast: Blink             |       |       |       |       |       |       |       |       |     1 ||     1
